 Dungeon Crawl Stone Soup version 0.28.0-49-g6dfe1f597d (webtiles) character file.

Game seed: 1456763560455704901

383 issech the Shooter (level 6, 0/44 HPs)
             Began as a Gnoll Wanderer on May 19, 2022.
             Succumbed to a scorpion's poison
             ... on level 4 of the Dungeon.
             The game lasted 00:12:03 (2725 turns).

issech the Shooter (Gnoll Wanderer)                 Turns: 2725, Time: 00:12:03

Health: 0/44       AC: 18    Str: 14    XL:     6   Next: 76%
Magic:  11/11      EV:  6    Int: 14    God:
Gold:   133        SH:  0    Dex: 12    Spells: 11/12 levels left

rFire   . . .      SeeInvis .   t - +0 dagger (protect)
rCold   x . .      Faith    .   (no shield)
rNeg    . . .      Spirit   .   C - +0 chain mail "Fybliyru" {+Blink rC- Will+++ Int+4}
rPois   +          Reflect  .   (no helmet)
rElec   .          Harm     .   (no cloak)
rCorr   .          Rampage  .   (no gloves)
Will    +++..                   x - +1 pair of boots
Stlth   ..........              d - amulet of the acrobat
HPRegen 0.14/turn               y - ring of poison resistance
MPRegen 0.12/turn               (no ring)

@: lethally poisoned (0 -> -1), under a protective aura
A: fangs 1, strong nose, distributed training
a: Evoke Blink


You were on level 4 of the Dungeon.
You visited 1 branch of the dungeon, and saw 4 of its levels.

You collected 133 gold pieces.

Inventory:

Hand Weapons
 a - a +2 shortbow of freezing
 f - a +0 great sword
 o - a +1 dagger of electrocution
 p - a +0 longbow
 s - a +0 dagger of flaming
 t - a +0 dagger of protection (weapon)
 z - a +0 hunting sling
Missiles
 b - 28 arrows
 k - 27 stones (quivered)
 m - 6 poisoned darts
 r - 26 sling bullets
Armour
 c - a +0 ring mail
 h - an orb of mayhem
 x - a +1 pair of boots (worn)
 C - the +0 chain mail "Fybliyru" (worn) {+Blink rC- Will+++ Int+4}
   (You found it on level 3 of the Dungeon)

   Int:       It affects your intelligence (+4).
   rC:        It makes you vulnerable to cold.
   +Blink:    It lets you blink.
   Will:      It greatly increases your willpower.
Jewellery
 d - an amulet of the acrobat (around neck)
 n - an amulet of faith
 y - a ring of poison resistance (left hand)
Scrolls
 g - 2 scrolls of identify
 l - a scroll of fog
 q - 2 scrolls of vulnerability
 w - a scroll of enchant armour
Potions
 e - a potion of attraction {unknown}
 i - a potion of brilliance {unknown}
 j - 2 potions of flight {unknown}
 u - a potion of cancellation {unknown}
 A - a potion of heal wounds {unknown}


   Skills:
 + Level 2.1 Fighting
 + Level 2.1 Short Blades
 + Level 2.1 Long Blades
 + Level 2.1 Axes
 + Level 2.1 Maces & Flails
 + Level 2.1 Polearms
 + Level 2.1 Staves
 + Level 2.1 Slings
 + Level 6.9 Bows
 + Level 2.1 Crossbows
 + Level 3.3 Throwing
 + Level 3.3 Armour
 + Level 2.1 Dodging
 + Level 2.1 Stealth
 + Level 2.1 Shields
 + Level 2.1 Unarmed Combat
 + Level 3.5 Spellcasting
 + Level 1.6 Conjurations
 + Level 1.6 Hexes
 + Level 1.6 Summonings
 + Level 1.6 Necromancy
 + Level 1.6 Translocations
 + Level 4.1 Transmutations
 + Level 1.6 Fire Magic
 + Level 1.6 Ice Magic
 + Level 1.6 Air Magic
 + Level 1.6 Earth Magic
 + Level 1.6 Poison Magic
 + Level 2.3 Invocations
 + Level 5.0 Evocations


You had 11 spell levels left.
You knew the following spells:

 Your Spells              Type           Power      Damage    Failure   Level
a - Sting                 Tmut/Pois      40%        1d5       83%         1

Your spell library contained the following spells:

 Spells                   Type           Power      Damage    Failure   Level
 Slow                     Hex            28%        N/A       94%         1
 Spider Form              Tmut/Pois      10%        N/A       99%         3
 Confusing Touch          Hex            7%         N/A       100%        3
 Vampiric Draining        Necr           7%         2d6       100%        3
 Animate Dead             Necr           3%         N/A       100%        4
 Haunt                    Necr/Summ      3%         N/A       100%        7
 Infestation              Necr           3%         N/A       100%        8


Dungeon Overview and Level Annotations

Branches:
Dungeon (4/15)
 Temple: D:4-7

Altars:
Wu Jian

Shops:
D:2 (


Innate Abilities, Weirdness & Mutations

You have very sharp teeth.
Your uncanny sense of smell can sniff out nearby items.
Your experience applies equally to all skills.


Message History

You feel sick.
The scorpion stings you but does no damage.
The scorpion barely misses you.
Fire: 29 arrows
Press: ? - help, Q - select action, (/) - cycle Shift-Dir - straight line, f/p - scorpion
Aim: a scorpion (severely wounded, 64% to hit)
You shoot an arrow.
The arrow hits the scorpion but does no damage.
The scorpion is severely wounded.
You hear the quick rusting of a drain nearby.
You feel sick. The scorpion stings you.
* * * LOW HITPOINT WARNING * * *
Your +2 shortbow of freezing stops glowing.
Your +0 dagger of protection hums with potential!
t - a +0 dagger of protection (weapon)
* * * LOW HITPOINT WARNING * * *
You feel sick.
You hit the scorpion but do no damage.
Your weapon exudes an aura of protection.
The scorpion is severely wounded.
* * * LOW HITPOINT WARNING * * *
You feel sick.
The scorpion stings you but does no damage.
You hit the scorpion but do no damage.
The scorpion is severely wounded.
* * * LOW HITPOINT WARNING * * *
You feel sick.
The scorpion stings you but does no damage.
You barely miss the scorpion.
You bite the scorpion, but do no damage.
The scorpion is severely wounded.
The scorpion stings you but does no damage.
You barely miss the scorpion.
The scorpion is severely wounded.
* * * LOW HITPOINT WARNING * * *
You feel sick.
The scorpion stings you but does no damage.
You hit the scorpion.
The scorpion is severely wounded.
You die...

#..###.## #....<#....#
##.#...# #.#.#.#..###
#.#)#.#######.#.#.#..#
#.#†#.........#...#..#
#.#.#.#############..#
#.#.#...... ...#
###.........#####
###.#
#....##..##.#...# #.#
#.....#....@s(# #.#
#.....#...#.#..<...
#.........#.# #####
#.###.##..#...#
#......#..#..##
...#####..##.#..#
............>#..#.#
...#######........#
#............#


You could see a scorpion.

Vanquished Creatures
  Eustachio (D:4)
  An orc priest (D:3)
  An iguana (D:4)
  Terence (D:2)
  An orc wizard (D:3)
  3 gnolls (D:4)
  2 adders
  An ufetubus (D:4)
  3 worms
  3 dart slugs
  2 orcs (D:3)
  7 bats
  3 endoplasms
  5 giant cockroaches
  8 goblins
  5 hobgoblins
  4 jackals (D:2)
  A quokka (D:3)
  2 ball pythons
  3 frilled lizards
  9 kobolds
  9 rats
75 creatures vanquished.

Notes
Turn   | Place    | Note
-------+----------+-------------------------------------------
     0 | D:1      | issech the Gnoll Wanderer began the quest for the Orb.
     0 | D:1      | issech set off with the following items: a +2 shortbow, 23
                  | arrows, a +0 ring mail; and the following spell memorised:
                  | Sting; and the following spells available to memorise:
                  | Spider Form
     0 | D:1      | Reached XP level 1. HP: 13/13 MP: 4/4
    11 | D:1      | Found a faded altar of an unknown god.
    60 | D:1      | Reached XP level 2. HP: 19/19 MP: 5/5
   593 | D:1      | Reached XP level 3. HP: 25/25 MP: 7/7
   671 | D:1      | You fall into a shaft and drop 1 floor!
   805 | D:2      | Found Baixzuhi's Weapon Shoppe.
   819 | D:2      | Reached skill level 1 in Invocations
  1082 | D:2      | Noticed Terence
  1095 | D:2      | Killed Terence
  1096 | D:2      | Reached skill level 1 in Fighting
  1096 | D:2      | Reached skill level 1 in Short Blades
  1096 | D:2      | Reached skill level 1 in Long Blades
  1096 | D:2      | Reached skill level 1 in Axes
  1096 | D:2      | Reached skill level 1 in Maces & Flails
  1096 | D:2      | Reached skill level 1 in Polearms
  1096 | D:2      | Reached skill level 1 in Staves
  1096 | D:2      | Reached skill level 1 in Slings
  1096 | D:2      | Reached skill level 1 in Crossbows
  1096 | D:2      | Reached skill level 1 in Dodging
  1096 | D:2      | Reached skill level 1 in Stealth
  1096 | D:2      | Reached skill level 1 in Shields
  1096 | D:2      | Reached skill level 1 in Unarmed Combat
  1096 | D:2      | Reached XP level 4. HP: 25/32 MP: 8/8
  1261 | D:2      | Found an ornate altar of the Wu Jian Council.
  1570 | D:3      | Reached skill level 1 in Conjurations
  1570 | D:3      | Reached skill level 1 in Hexes
  1570 | D:3      | Reached skill level 1 in Summonings
  1570 | D:3      | Reached skill level 1 in Necromancy
  1570 | D:3      | Reached skill level 1 in Translocations
  1570 | D:3      | Reached skill level 1 in Fire Magic
  1570 | D:3      | Reached skill level 1 in Ice Magic
  1570 | D:3      | Reached skill level 1 in Air Magic
  1570 | D:3      | Reached skill level 1 in Earth Magic
  1570 | D:3      | Reached skill level 1 in Poison Magic
  1570 | D:3      | Reached XP level 5. HP: 37/37 MP: 9/9
  1653 | D:3      | Identified the +0 chain mail "Fybliyru" {+Blink rC- Will+++
                  | Int+4}
  2408 | D:4      | Reached XP level 6. HP: 27/44 MP: 9/11
  2577 | D:4      | Noticed Eustachio
  2589 | D:4      | Killed Eustachio
  2590 | D:4      | Reached skill level 5 in Evocations
  2721 | D:4      | HP: 2/44 [poisoned by a scorpion]
  2725 | D:4      | Succumbed to a scorpion's poison

Illustrated notes

Levels and vault maps discovered:
D:1:      wander_arrival_desolate, layout_basic, basic_ecumenical_altar
D:2:      layout_basic, serial_shops, nicolae_shop_bloodbath_and_beyond,
          basic_altar, st_stairs_6, uniq_terence
D:3:      layout_basic
D:4:      layout_basic, minmay_temple_entry_tees, gup_sewer_entry_bowl,
          uniq_eustachio

Skill      XL: |  1  2  3  4  5  6 |
---------------+-------------------+-----
Invocations    | 1 2 |  2.3
Fighting       | 1 2 |  2.1
Short Blades   | 1 2 |  2.1
Long Blades    | 1 2 |  2.1
Axes           | 1 2 |  2.1
Maces & Flails | 1 2 |  2.1
Polearms       | 1 2 |  2.1
Staves         | 1 2 |  2.1
Slings         | 1 2 |  2.1
Crossbows      | 1 2 |  2.1
Dodging        | 1 2 |  2.1
Stealth        | 1 2 |  2.1
Shields        | 1 2 |  2.1
Unarmed Combat | 1 2 |  2.1
Spellcasting   | 3 |  3.5
Conjurations   | 1 |  1.6
Hexes          | 1 |  1.6
Summonings     | 1 |  1.6
Necromancy     | 1 |  1.6
Translocations | 1 |  1.6
Fire Magic     | 1 |  1.6
Ice Magic      | 1 |  1.6
Air Magic      | 1 |  1.6
Earth Magic    | 1 |  1.6
Poison Magic   | 1 |  1.6
Throwing       | 3 |  3.3
Armour         | 3 |  3.3
Transmutations | 4 |  4.1
Evocations     | 5 |  5.0
Bows           | |  6.9

Action                   |  1- 3 |  4- 6 || total
-------------------------+-------+-------++-------
Melee: Dagger            |       |     5 ||     5
       Bite              |       |     1 ||     1
 Fire: Shortbow          |    72 |   142 ||   214
  Use: Scroll            |       |     5 ||     5
Armor: Ring mail         |     8 |    10 ||    18
       Chain mail        |       |    27 ||    27
Dodge: Dodged            |    15 |    22 ||    37
